 Dungeon Crawl Stone Soup version 0.21.1-1-g345015fe64 (webtiles) character file.

9 KleinerIrrer the Skirmisher (level 2, -5/19 HPs)
             Began as a Gargoyle Berserker on Apr 4, 2018.
             Slain by a black bear (10 damage)
             ... created by the rage of Trog
             ... on level 1 of the Dungeon.
             The game lasted 00:00:01 (214 turns).

KleinerIrrer the Skirmisher (Gargoyle Berserker)     Turns: 214, Time: 00:00:02

Health: -5/19      AC:  4    Str: 20    XL:     2   Next: 12%
Magic:  2/2        EV: 12    Int:  7    God:
Gold:   0          SH:  0    Dex:  9    Spells: 1/1 levels left

rFire    . . .     SeeInvis .   a - +0 hand axe
rCold    . . .     Gourm    .   (no shield)
rNeg     + . .     Faith    .   b - +0 animal skin
rPois    ∞         Spirit   .   (no helmet)
rElec    +         Reflect  .   (no cloak)
rCorr    .         Harm     .   (no gloves)
MR       .....                  (no boots)
Stlth    +.........             (no amulet)
HPRegen  0.06/turn              (no ring)
MPRegen  0.08/turn              (no ring)

@: no status effects
A: negative energy resistance 1, electricity resistance, unbreathing,
petrification resistance, rot immunity, AC +2
a: no special abilities


You were on level 1 of the Dungeon.
You were not hungry.

You visited 1 branch of the dungeon, and saw 1 of its levels.


Innate Abilities, Weirdness & Mutations

You are resistant to torment.
Your stone body is resilient. (AC +2)
You are immune to poison.
You resist negative energy. (rN+)
You are resistant to electric shocks. (rElec)
You can survive without breathing.
You are immune to petrification.
You are immune to rotting.


   Skills:
 - Level 3.2 Fighting
 + Level 3.2 Axes
 - Level 2.1 Armour
 - Level 1.5 Dodging


You had one spell level left.
You didn't know any spells.

Inventory:

Hand Weapons
 a - a +0 hand axe (weapon)
 e - a +0 whip of freezing
Armour
 b - a +0 animal skin (worn)
Scrolls
 f - a scroll of fear {unknown}
Potions
 d - a potion of invisibility {unknown}
 g - a potion of curing {unknown}
Comestibles
 c - 2 rations
 h - 3 chunks of flesh

Dungeon Overview and Level Annotations

Branches:
Dungeon (1/15)

Altars:


Message History

The jackal misses you. The jackal barely misses you.
You completely miss the jackal.
The jackal bites you but does no damage.
You hit the jackal.
The jackal is almost dead.
The jackal closely misses you. The jackal misses you.
Trog sends monsters to punish you.
A polar bear and 2 black bears come into view.
You hit the jackal.
You kill the jackal!
You hit the polar bear but do no damage.
You hit the polar bear.
The polar bear is lightly wounded.
The polar bear bites you. The polar bear claws you. x2
You hit the polar bear.
The polar bear is lightly wounded.
You hit the black bear. You barely miss the black bear.
The black bear bites you!
Ouch! That really hurt!
You die...

.# .# .# #.# ###########
#.# #.........# #.#
#.#.....#.###%###
#(#.###....h@...# #.#.#
#....h#h#.#
#.#.###.#.#.#.#.#
#########
#.#.....#.#.....#
#........
#.........#.....###.#####
#####.#.####.[..........#
#.#.#####.#.###.###.#
#######.#.........#
#.###.#
#.......###.###.###
#.##..###.#


You could see a polar bear (berserk) and 2 black bears.

Vanquished Creatures
  2 bats (D:1)
  A giant cockroach (D:1)
  A goblin (D:1)
  2 hobgoblins (D:1)
  A jackal (D:1)
7 creatures vanquished.

Notes
Turn   | Place    | Note
-------+----------+-------------------------------------------
     0 | D:1      | KleinerIrrer the Gargoyle Berserker began the quest for the Orb.
     0 | D:1      | Reached XP level 1. HP: 14/14 MP: 1/1
     0 | D:1      | 0 ||| counter = 16
     0 | D:1      | Fell from the grace of Trog
    75 | D:1      | Paralysed by Trog for 4 turns
    92 | D:1      | Reached skill level 3 in Axes
   144 | D:1      | Reached XP level 2. HP: 19/19 MP: 2/2
   212 | D:1      | Noticed a polar bear
   212 | D:1      | Noticed a black bear
   212 | D:1      | Noticed a black bear
   214 | D:1      | Slain by a black bear

Vault maps used:
D:1:      minmay_arrival_up_and_down

Skill      XL: |  1 |
---------------+----+-----
Axes           | 3 |  3.2
Fighting       | |  3.2
Armour         | |  2.1
Dodging        | |  1.5

Action                   || total
-------------------------++-------
Melee: Hand axe          ||    26
Invok: Renounce Religion ||     1
Armor: Animal skin       ||     3
Dodge: Dodged            ||    17

Table legend:
 A = Spawn XP
 B = Non-spawn XP
 C = Spawn XP percentage of total XP
 D = Spawn monster count
 E = Non-spawn monster count
 F = Spawn count percentage of total count
 G = Total turns spent on level
                    A         B        C        D         E        F      G
               +---------+---------+-------+---------+---------+-------+---------
         Total |       0 |      13 |   0.0 |       0 |       7 |   0.0 |   214
               +---------+---------+-------+---------+---------+-------+---------
           D:1 |       0 |      13 |   0.0 |       0 |       7 |   0.0 |   214
               +---------+---------+-------+---------+---------+-------+---------
